 Dungeon Crawl Stone Soup version 0.19-a0-1498-g0b85ae9 (webtiles) character file.

267 Leszczynek the Cudgeler (level 6, -1/57 HPs)
             Began as an Ogre Necromancer on Sept 10, 2016.
             Was a Follower of Okawaru.
             Slain by an orc
             ... wielding a +0 war axe
              (6 damage)
             ... on level 5 of the Dungeon.
             The game lasted 00:15:18 (2456 turns).

Leszczynek the Cudgeler (Ogre Necromancer)          Turns: 2456, Time: 00:15:19

Health: -1/57      AC:  3    Str: 16    XL:     6   Next: 21%
Magic:  9/9        EV: 15    Int: 14    God:    Okawaru [*.....]
Gold:   138        SH:  0    Dex: 17    Spells: 2 memorised, 7 levels left

rFire  . . .     SeeInvis .     a - +0 flail
rCold  . . .     Gourm    .     m - +0 robe
rNeg   . . .     Faith    .     (no shield)
rPois  .         Spirit   .     (helmet restricted)
rElec  .         Dismiss  .     (no cloak)
rCorr  .         Reflect  .     (gloves unavailable)
MR     .....     Harm     .     (boots unavailable)
Stlth  +++.......               q - amulet of rage
                                (no ring)
                                h - +2 ring of dexterity

@: agile
A: unfitting armour, tough skin 1
a: Heroism, Renounce Religion, Evoke Berserk Rage


You were on level 5 of the Dungeon.
You worshipped Okawaru.
Okawaru was aware of your devotion.
You were not hungry.

You visited 2 branches of the dungeon, and saw 6 of its levels.

You collected 138 gold pieces.

Inventory:

Hand Weapons
 a - a +0 flail (weapon)
Missiles
 j - 5 needles of confusion
 p - a tomahawk (quivered)
Armour
 k - a +0 large shield
 m - a +0 robe (worn)
Jewellery
 c - an uncursed amulet of faith
 h - a +2 ring of dexterity (left hand)
 q - an amulet of rage (around neck)
Scrolls
 e - a scroll of teleportation {unknown}
 l - a scroll of recharging {unknown}
 n - 3 scrolls of identify
 o - a scroll of enchant weapon {unknown}
 t - a scroll of remove curse
 u - a scroll of magic mapping {unknown}
 x - a scroll of fear {unknown}
 y - a scroll of enchant armour {unknown}
Books
 b - a book of Necromancy

   Spells                             Type                      Level
   a - Pain                           Necromancy                   1
   b - Animate Skeleton               Necromancy                   1
   c - Vampiric Draining              Necromancy                   3
   d - Regeneration                   Charms/Necromancy            3
   e - Animate Dead                   Necromancy                   4
   f - Control Undead                 Necromancy                   4
Comestibles
 d - 2 bread rations


   Skills:
 - Level 2.1 Fighting
 * Level 7.4 Maces & Flails
 - Level 1.7 Dodging
 - Level 1.5 Stealth
 - Level 2.4 Spellcasting
 - Level 2.9 Necromancy


You had 7 spell levels left.
You knew the following spells:

 Your Spells              Type           Power        Failure   Level  Hunger
a - Pain                  Necr           ##..         10%         1    #......
b - Animate Skeleton      Necr           N/A          10%         1    #......


Dungeon Overview and Level Annotations

Branches:
Dungeon (5/15)             Temple (1/1) D:4

Altars:
Ashenzari
Cheibriados
Fedhas
Gozag
Hepliaklqana
Kikubaaqudgha
Nemelex Xobeh
Okawaru
Qazlal
Ru
Trog
Yredelemnul

Annotations:
D:3 orc priest, Sigmund
D:4 exclusion: worker ant, Pikel


Innate Abilities, Weirdness & Mutations

You are too large for most types of armour.
You have tough skin. (AC +1)


Message History

You barely miss something. Something barely misses you.
You hit something. Something hits you.
You closely miss something. Something hits you.
* * * LOW HITPOINT WARNING * * *
You miss something. Something hits you but does no damage.
You barely miss something. Something hits you but does no damage.
The orc shouts!
Okay, then.
You barely miss something.
You hear some strange, mumbled words.
A magic dart appears from out of thin air!
The magic dart hits you!
* * * LOW HITPOINT WARNING * * *
The orc closely misses you. Something hits you.
* * * LOW HITPOINT WARNING * * *
As you read the scroll labeled RUPLEL MATASH, it crumbles to dust.
It is a scroll of identify.
t - a scroll of remove curse The orc hits you with a war axe.
You die...

#.### #. ....#
#########. #.#.#
.......##.##.#.#
.......##.#..#(###
.......##......(.#
.......##.>.##.#.#
<......##......#{#
.......###..o.##@#
.......# #o##.##o#
##.##### #.##.##.#
##.#######.......#
....o....o###.####
##.######.# #.#
#.# #.# #.# .)#
#.# .# #### ...


You could see an orc.

Vanquished Creatures
  A water moccasin zombie (D:5)
  An iron imp (D:5)
  An iguana (D:5)
  An orc wizard (D:5)
  2 worker ants
  3 adders
  3 worms
  2 giant geckos
  2 giant cockroaches
  6 goblins
  4 hobgoblins
  2 jackals (D:4)
  A quokka (D:5)
  2 bats
  2 giant newts
  3 kobolds
  5 rats
41 creatures vanquished.

Vanquished Creatures (collateral kills)
  A worker ant (D:5)
  A giant newt (D:2)
2 creatures vanquished.

Grand Total: 43 creatures vanquished

Notes
Turn   | Place    | Note
-------+----------+-------------------------------------------
     0 | D:1      | Leszczynek the Ogre Necromancer began the quest for the Orb.
     0 | D:1      | Reached XP level 1. HP: 16/16 MP: 3/3
     2 | D:1      | Learned a level 1 spell: Animate Skeleton
    70 | D:1      | Reached skill level 1 in Fighting
   217 | D:1      | Reached skill level 1 in Maces & Flails
   220 | D:1      | Reached XP level 2. HP: 15/27 MP: 0/5
   447 | D:2      | Reached skill level 2 in Fighting
   447 | D:2      | Reached skill level 2 in Maces & Flails
   524 | D:2      | Reached XP level 3. HP: 27/35 MP: 6/6
   719 | D:2      | Reached skill level 3 in Maces & Flails
  1202 | D:3      | Noticed Sigmund
  1285 | D:5      | Entered Level 5 of the Dungeon
  1317 | D:4      | Found a staircase to the Ecumenical Temple.
  1328 | Temple   | Entered the Ecumenical Temple
  1393 | Temple   | Became a worshipper of Warmaster Okawaru
  1413 | D:4      | Found a shattered altar of Ashenzari.
  1493 | D:4      | Reached skill level 4 in Maces & Flails
  1493 | D:4      | Reached XP level 4. HP: 23/42 MP: 3/7
  1745 | D:4      | Noticed Pikel
  1745 | D:4      | Noticed a slave
  1782 | D:5      | Reached skill level 5 in Maces & Flails
  1782 | D:5      | Reached XP level 5. HP: 19/49 MP: 8/8
  1872 | D:5      | Reached skill level 6 in Maces & Flails
  2017 | D:5      | Reached * piety under Okawaru
  2108 | D:4      | Found a stormy altar of Qazlal.
  2108 | D:4      | Noticed a slave
  2108 | D:4      | Noticed a slave
  2108 | D:4      | Noticed a slave
  2109 | D:4      | of course
  2128 | D:4      | HP: 4/49 [jackal (1)]
  2140 | D:4      | HP: 2/49 [jackal (3)]
  2315 | D:5      | Found a snail-covered altar of Cheibriados.
  2323 | D:5      | Reached skill level 7 in Maces & Flails
  2323 | D:5      | Reached XP level 6. HP: 43/57 MP: 6/9
  2377 | D:5      | Noticed an ice beast
  2455 | D:5      | HP: 5/57 [something (3)]
  2456 | D:5      | Slain by an orc

Vault maps used:
D:1:      mrwooster_arrival_arrow
D:2:      nicolae_dithmenos_through_a_glass_darkly,
          gammafunk_temple_overflow_elements, first_bread,
          minmay_item_behind_shaft
D:3:      nicolae_overflow_hidden_temple, lemuel_coloured_pillars_altar,
          nicolae_gozag_seed_capital, uniq_sigmund
D:4:      nicolae_qazlal_general_emergency, evilmike_ruin_ashenzari, uniq_pikel
D:5:      lemuel_round_altar, slow_altar_2, basic_altar
Temple:   compressed_dpeg_triangle_lava_temple

Skill      XL: |  1  2  3  4  5 |
---------------+----------------+-----
Fighting       | 1 2 |  2.1
Maces & Flails | 1 2 4 5 7 |  7.4
Dodging        | |  1.7
Stealth        | |  1.5
Spellcasting   | |  2.4
Necromancy     | |  2.9

Action                   |  1- 3 |  4- 6 || total
-------------------------+-------+-------++-------
Melee: Dagger            |    32 |       ||    32
       Mace              |    24 |    42 ||    66
       Long sword        |     1 |       ||     1
       Flail             |       |    38 ||    38
Throw: Tomahawk          |       |     7 ||     7
 Cast: Pain              |    37 |    20 ||    57
       Animate Skeleton  |     6 |     3 ||     9
Invok: Heroism           |       |     3 ||     3
  Use: Potion            |     1 |     7 ||     8
       Scroll            |       |     1 ||     1
 Stab: Sleeping          |     1 |       ||     1
       Distracted        |       |     1 ||     1
  Eat: Chunk             |     3 |     2 ||     5
       Meat ration       |       |     1 ||     1
       Fruit             |       |     1 ||     1
       Beef jerky        |       |     1 ||     1
Armor: Robe              |     9 |    20 ||    29
       Skin              |       |    24 ||    24
Dodge: Dodged            |    35 |    45 ||    80
